 Dungeon Crawl Stone Soup version 0.22.1-1-ga44c0e56f4 (webtiles) character file.

9151 Peloso the Carver (level 11, -6/97 HPs)
             Began as a Minotaur Fighter on Nov 9, 2018.
             Was a High Priest of Okawaru.
             Killed from afar by an electric eel (9 damage)
             ... with a bolt of electricity
             ... on level 11 of the Dungeon.
             The game lasted 00:20:10 (9911 turns).

Peloso the Carver (Minotaur Fighter)                Turns: 9911, Time: 00:20:12

Health: -6/97      AC: 15    Str: 23    XL:     11   Next: 19%
Magic:  10/10      EV:  9    Int:  5    God:    Okawaru [*****.]
Gold:   647        SH: 12    Dex: 11    Spells: 10/10 levels left

rFire    . . .     SeeInvis .   a - +0 long sword
rCold    . . .     Gourm    .   c - +0 shield
rNeg     . . .     Faith    .   Q - +2 chain mail {MR+}
rPois    .         Spirit   .   (helmet restricted)
rElec    .         Reflect  .   l - +0 cloak
rCorr    .         Harm     .   (no gloves)
MR       +....                  (no boots)
Stlth    ..........             (no amulet)
HPRegen  0.26/turn              E - +3 ring of slaying
MPRegen  0.12/turn              (no ring)

@: engulfed (cannot breathe), drained, very slow
A: retaliatory headbutt, horns 2
a: Heroism, Finesse, Renounce Religion


You were on level 11 of the Dungeon.
You worshipped Okawaru.
Okawaru was extremely pleased with you.
You were hungry.

You visited 1 branch of the dungeon, and saw 11 of its levels.

You collected 647 gold pieces.

Inventory:

Hand Weapons
 a - a +0 long sword (weapon)
 u - a +3 whip of flaming
 z - the +1 hunting sling of Osovumar {velocity, rElec rC+ Dex+3}
   (You found it on level 5 of the Dungeon)

   Any stone fired from it inflicts extra damage.
   It affects your dexterity (+3).
   It protects you from cold.
   It insulates you from electricity.
Armour
 b - a +0 scale mail
 c - a +0 shield (worn)
 l - a +0 cloak (worn)
 n - a +0 plate armour
 O - a +0 chain mail of cold resistance
 Q - a +2 chain mail of magic resistance (worn)
Jewellery
 E - a +3 ring of slaying (left hand)
 F - an uncursed amulet of harm
Wands
 w - a wand of random effects (36)
 x - a wand of scattershot (3)
 y - a wand of paralysis (11)
 A - a wand of flame (18)
 H - a wand of polymorph (1)
 N - a wand of digging (10)
Scrolls
 g - 2 scrolls of enchant weapon {unknown}
 h - 5 scrolls of remove curse
 i - 3 scrolls of identify
 j - 5 scrolls of teleportation
 k - 2 scrolls of blinking {unknown}
 m - 2 scrolls of noise {unknown}
 p - a scroll of immolation {unknown}
 r - 2 scrolls of magic mapping {unknown}
 v - a scroll of fog {unknown}
 C - a scroll of enchant armour {unknown}
 D - a scroll of amnesia {unknown}
 J - a scroll of fear {unknown}
 K - a scroll of holy word {unknown}
 P - a scroll of silence {unknown}
Potions
 d - 2 potions of might
 e - 2 potions of haste
 o - 4 potions of curing
 q - 4 potions of flight
 t - 3 potions of brilliance
 B - 2 potions of resistance {unknown}
 G - a potion of cancellation {unknown}
 I - a potion of mutation {unknown}
 L - a potion of ambrosia {unknown}
Miscellaneous
 R - a sack of spiders
Comestibles
 f - 15 rations
 M - a chunk of flesh


   Skills:
 + Level 9.0(8.8) Fighting
 + Level 12.7(12.4) Long Blades
 + Level 10.1(9.8) Armour
 + Level 3.7(3.4) Dodging
 + Level 0.8(0.5) Stealth
 + Level 10.3(10.0) Shields
 + Level 0.9(0.7) Invocations
 + Level 0.4(0.2) Evocations


You had 10 spell levels left.
You didn't know any spells.
Your spell library contained the following spells:

 Spells                   Type           Power        Failure   Level  Hunger
 Animate Skeleton         Necr           N/A          99%         1    ##.....
 Apportation              Tloc           #.....       99%         1    ##.....
 Confusing Touch          Hex            #.....       99%         1    ##.....
 Corona                   Hex            #......      99%         1    ##.....
 Infusion                 Chrm           #...         99%         1    ##.....
 Sandblast                Erth           #.....       99%         1    ##.....
 Shock                    Conj/Air       #...         99%         1    ##.....
 Summon Small Mammal      Summ           #...         99%         1    ##.....
 Call Imp                 Summ           #.......     100%        2    ###....
 Passwall                 Tmut/Erth      #.......     100%        2    ###....
 Shroud of Golubria       Chrm/Tloc      #.........   100%        2    ###....
 Slow                     Hex            #.......     100%        2    ###....
 Song of Slaying          Chrm           #.......     100%        2    ###....
 Swiftness                Chrm/Air       #.......     100%        2    ###....
 Call Canine Familiar     Summ           #.......     100%        3    ####...
 Inner Flame              Hex/Fire       #.......     100%        3    ####...
 Portal Projectile        Hex/Tloc       #.....       100%        3    ####...
 Regeneration             Chrm/Necr      #.........   100%        3    ####...
 Spectral Weapon          Hex/Chrm       #.......     100%        3    ####...
 Static Discharge         Conj/Air       #.......     100%        3    ####...
 Stone Arrow              Conj/Erth      #.....       100%        3    ####...
 Summon Guardian Golem    Hex/Summ       #.......     100%        3    ####...
 Airstrike                Air            #.........   100%        4    #####..
 Cause Fear               Hex            #.........   100%        4    #####..
 Leda's Liquefaction      Hex/Erth       #.........   100%        4    #####..
 Petrify                  Tmut/Erth      #.......     100%        4    #####..
 Summon Ice Beast         Ice/Summ       #.......     100%        4    #####..
 Summon Lightning Spire   Summ/Air       #.......     100%        4    #####..
 Lee's Rapid Deconstruct  Erth           #.........   100%        5    ######.
 Lightning Bolt           Conj/Air       #.........   100%        5    ######.


Dungeon Overview and Level Annotations

Branches:
Dungeon (11/15)            Temple (0/1) D:4             Orc (0/2) D:9
   Lair: D:8-11

Altars:
Cheibriados
Elyvilon
Gozag
Nemelex Xobeh
Okawaru
Qazlal

Shops:
D:4 %   D:8 }   D:9 (

Annotations:
D:5 1 runed door, martinkus's ghost, novice MfSk
D:7 1 runed door, hemabe's ghost, novice HuAr
D:8 2 runed doors, Flubber's ghost, novice TrBe


Innate Abilities, Weirdness & Mutations

You reflexively headbutt those who attack you in melee.
You have a pair of horns on your head.


Message History

You feel better.
* * * LOW HITPOINT WARNING * * *
Your lungs strain for air!
You block the wight's attack. You block the water elemental's attack.
The wight hits you with a spear.
* * * LOW HITPOINT WARNING * * *
You feel drained.
You feel better.
* * * LOW HITPOINT WARNING * * *
Your lungs strain for air!
You block the water elemental's attack.
The wight splashes around in the water.
You block the wight's attack.
The electric eel shoots out a bolt of lightning at you!
The bolt of electricity hits you!
* * * LOW HITPOINT WARNING * * *
The bolt of electricity hits the electric eel.
The electric eel completely resists.
The electric eel shoots out a bolt of lightning at you!
The bolt of electricity hits you!
You die...

##.. ..≈≈≈≈##
..).###≈≈≈≈≈≈##
....%≈≈≈≈≈≈≈≈#
...≈≈≈≈≈≈≈≈≈≈
#+#≈≈≈≈≈≈≈≈≈≈≈
#.≈≈≈≈≈≈≈≈≈≈≈≈
#.≈≈≈≈;;≈≈≈≈≈≈
#≈≈;@z≈≈≈≈≈≈
#.≈E;z≈≈≈≈≈≈
#.#≈≈z≈≈≈≈≈. #
..≈≈≈≈≈≈.#
.....P.≈#.#
...PPP..## #
..P........
≈PP..PP.P....
≈≈......PPP...


You could see a water elemental, 4 electric eels and 3 wights.

Vanquished Creatures
  3 two-headed ogres
  Pikel (D:4)
  A centaur skeleton (D:10)
  A hippogriff (D:7)
  Sigmund (D:5)
  12 yaks
  A water moccasin (D:5)
  Edmund (D:5)
  Duvessa (D:7)
  2 ice beasts
  11 orc warriors
  2 slaves (D:4)
  3 sky beasts
  A necrophage (D:5)
  An ogre (D:9)
  A centaur (D:7)
  A big kobold (D:6)
  4 bullfrogs
  A water moccasin zombie (D:9)
  Dowan (D:7)
  9 killer bees
  4 scorpions
  3 howler monkeys
  6 crimson imps
  2 hounds (D:6)
  2 jellies (D:6)
  A bullfrog zombie (D:10)
  8 orc wizards
  3 orc priests
  2 bullfrog skeletons (D:5)
  5 iguanas
  6 worker ants
  A killer bee zombie (D:5)
  3 gnolls (D:9)
  8 adders
  A shadow imp (D:6)
  An ooze (D:3)
  2 adder skeletons
  An adder zombie (D:10)
  3 worms (D:3)
  2 dart slugs (D:1)
  3 leopard geckos
  43 orcs
  5 bats
  9 giant cockroaches
  5 goblins
  8 hobgoblins
  6 quokkas
  3 ball pythons
  5 frilled lizards
  6 kobolds
  A quokka zombie (D:7)
  9 rats
226 creatures vanquished.

Notes
Turn   | Place    | Note
-------+----------+-------------------------------------------
     0 | D:1      | Peloso the Minotaur Fighter began the quest for the Orb.
     0 | D:1      | Reached XP level 1. HP: 19/19 MP: 0/0
   251 | D:1      | Reached XP level 2. HP: 27/27 MP: 1/1
   367 | D:1      | Found a snail-covered altar of Cheibriados.
   813 | D:2      | Reached skill level 3 in Long Blades
   813 | D:2      | Reached XP level 3. HP: 33/33 MP: 2/2
   937 | D:2      | Found an opulent altar of Gozag.
  1285 | D:3      | Reached XP level 4. HP: 25/40 MP: 3/3
  2237 | D:4      | Found a snail-covered altar of Cheibriados.
  2250 | D:4      | Found an iron altar of Okawaru.
  2256 | D:4      | Became a worshipper of Warmaster Okawaru
  2412 | D:4      | Found a white marble altar of Elyvilon.
  2430 | D:4      | Reached skill level 5 in Shields
  2440 | D:4      | Reached XP level 5. HP: 38/46 MP: 4/4
  2459 | D:4      | Reached skill level 4 in Long Blades
  2587 | D:4      | Found a staircase to the Ecumenical Temple.
  2874 | D:4      | Found Wycrop's Food Shop.
  3298 | D:5      | Entered Level 5 of the Dungeon
  3298 | D:5      | Noticed Pikel
  3298 | D:5      | Noticed a slave
  3298 | D:5      | Noticed a slave
  3298 | D:5      | Noticed a slave
  3298 | D:5      | Noticed a slave
  3320 | D:4      | Killed a slave
  3328 | D:4      | Killed a slave
  3709 | D:4      | Killed Pikel
  3709 | D:4      | Reached * piety under Okawaru
  3709 | D:4      | Reached ** piety under Okawaru
  3709 | D:4      | Reached skill level 5 in Fighting
  3709 | D:4      | Reached skill level 6 in Long Blades
  3709 | D:4      | Reached skill level 1 in Dodging
  3709 | D:4      | Reached XP level 6. HP: 54/56 MP: 5/5
  3709 | D:4      | Reached XP level 7. HP: 59/61 MP: 6/6
  4085 | D:5      | Found a runed door.
  4086 | D:5      | Noticed martinkus's ghost (novice MfSk)
  4141 | D:5      | Reached *** piety under Okawaru
  4163 | D:5      | Reached XP level 8. HP: 56/69 MP: 7/7
  4247 | D:5      | Noticed Sigmund
  4251 | D:5      | Killed Sigmund
  4309 | D:5      | Got an ebony hunting sling
  4310 | D:5      | Identified the +1 hunting sling of Osovumar {velocity,
                  | rElec rC+ Dex+3} (You found it on level 5 of the Dungeon)
  4326 | D:5      | Reached skill level 7 in Long Blades
  4531 | D:5      | Noticed Edmund
  4554 | D:5      | Killed Edmund
  4860 | D:6      | Reached skill level 8 in Long Blades
  5325 | D:7      | Reached **** piety under Okawaru
  5333 | D:7      | Reached XP level 9. HP: 68/78 MP: 8/8
  5347 | D:7      | Found a white marble altar of Elyvilon.
  5510 | D:7      | Noticed Duvessa
  5510 | D:7      | Noticed Dowan
  5522 | D:7      | Killed Duvessa
  5522 | D:7      | Reached skill level 9 in Long Blades
  5524 | D:7      | Killed Dowan
  5775 | D:7      | Found a runed door.
  5787 | D:7      | Noticed hemabe's ghost (novice HuAr)
  5975 | D:7      | Found a stormy altar of Qazlal.
  5986 | D:7      | Found a sparkling altar of Nemelex Xobeh.
  6084 | D:8      | Noticed a two-headed ogre
  6098 | D:8      | Killed a two-headed ogre
  6098 | D:8      | Reached skill level 10 in Long Blades
  6412 | D:8      | Found Teeck's Gadget Emporium.
  6459 | D:8      | Received a gift from Okawaru
  6558 | D:8      | Found a large runed door.
  6559 | D:8      | Found a large runed door.
  6560 | D:8      | Noticed Flubber's ghost (novice TrBe)
  7181 | D:8      | Reached skill level 11 in Long Blades
  7181 | D:8      | Reached XP level 10. HP: 88/88 MP: 6/9
  7450 | D:9      | Found a staircase to the Orcish Mines.
  7660 | D:9      | Reached ***** piety under Okawaru
  8038 | D:9      | Found Cacvimos's Antique Weapon Emporium.
  8326 | D:10     | Entered Level 10 of the Dungeon
  8497 | D:10     | Reached skill level 12 in Long Blades
  8595 | D:10     | Noticed a two-headed ogre
  8629 | D:10     | Killed a two-headed ogre
  8691 | D:10     | Noticed a two-headed ogre
  8984 | D:10     | Killed a two-headed ogre
  8984 | D:10     | Reached XP level 11. HP: 97/97 MP: 10/10
  9176 | D:10     | Reached skill level 10 in Shields
  9185 | D:10     | Reached skill level 10 in Armour
  9908 | D:11     | HP: 4/97 [electric eel/bolt of electricity (6)]
  9911 | D:11     | Killed from afar by an electric eel

Skill      XL: |  1  2  3  4  5  6  7  8  9 10 11 |
---------------+----------------------------------+-----
Shields        | 4 5 6 7 8 9 10 | 10.3
Armour         | 4 6 7 8 9 10 | 10.1
Long Blades    | 3 6 8 11 12 | 12.7
Fighting       | 4 5 6 8 9 |  9.0
Dodging        | 1 2 3 |  3.7
Stealth        | |  0.8
Invocations    | |  0.9
Evocations     | |  0.4

Action                   |  1- 3 |  4- 6 |  7- 9 | 10-12 || total
-------------------------+-------+-------+-------+-------++-------
Melee: Long sword        |    82 |   122 |   333 |   283 ||   820
       Headbutt          |    10 |    22 |    64 |    71 ||   167
Invok: Heroism           |       |       |     6 |     2 ||     8
Evoke: Wand              |       |       |     2 |     1 ||     3
  Use: Scroll            |       |       |     8 |     1 ||     9
       Potion            |       |       |       |     4 ||     4
  Eat: Chunk             |     1 |     8 |    12 |     8 ||    29
Armor: Scale mail        |    60 |    37 |       |       ||    97
       Plate armour      |       |    23 |   140 |       ||   163
       Chain mail        |       |       |       |    78 ||    78
Dodge: Dodged            |    33 |    20 |    51 |    60 ||   164
Block: Shield            |    55 |    60 |   158 |   135 ||   408
       Rpst.: Long sword |    12 |     7 |    14 |    16 ||    49
